 Dungeon Crawl Stone Soup version 0.14-a0-1192-g192f278 (webtiles) character file.

382 PolkaDot the Vexing (level 6, -2/41 HPs)
             Began as a Vampire Enchanter on Dec 1, 2013.
             Killed from afar by Blork the orc (6 damage)
             ... with a puff of frost
             ... on Level 4 of the Dungeon.
             The game lasted 00:10:11 (2844 turns).

PolkaDot the Vexing (Vampire Enchanter)             Turns: 2844, Time: 00:10:11

HP  -2/41        AC  0     Str  2      XL: 6   Next: 23%
MP   8/10        EV 20     Int 16 (17) God:
Gold 59          SH  0     Dex 20 (21) Spells:  2 memorised,  3 levels left

rFire  . . .     SeeInvis +     k - melded +2 elf dagger
rCold  + . .     Clarity  .     b - melded +1 robe
rNeg   + + .     Conserve .     (shield currently unavailable)
rPois  +         rCorr    .     y - melded +0 elf cap
rElec  .         rRot     +     n - melded +0 orc cloak (curse)
SustAb . .       Spirit   .     B - melded +0 pair of orc gloves
rMut   .         Warding  .     D - melded +1 pair of elf boots
Saprov . . .     Stasis   .     (no amulet)
                                (ring currently unavailable)
                                i - melded cursed ring of hunger

@: bat-form, regenerating slowly, flying, very quick, slightly resistant to
hostile enchantments, very stealthy
A: bottle blood, (fangs 0), see invisible, (unbreathing)
a: Bottle Blood, End Transformation


You were on level 4 of the Dungeon.
You were thirsty.
You were in vampire bat-form.
You visited 1 branch of the dungeon, and saw 4 of its levels.

You collected 59 gold pieces.

Inventory:

Hand weapons
 k - a +2,+2 elven dagger (melded)
Missiles
 d - 12 darts (quivered)
Armour
 b - a +1 robe (melded)
 n - a cursed +0 orcish cloak (melded)
 y - a +0 elven cap (melded)
 B - a +0 pair of orcish gloves (melded)
 D - a +1 pair of elven boots (melded)
Magical devices
 q - a wand of magic darts (13) {unknown}
Scrolls
 a - a scroll of blinking {unknown}
 e - a scroll of magic mapping {unknown}
 g - a scroll of recharging {unknown}
 h - a scroll of noise {unknown}
 j - 2 scrolls of fear {unknown}
 m - 2 scrolls of identify
 o - 2 scrolls of teleportation {unknown}
 p - a scroll of remove curse {unknown}
 r - a scroll of enchant weapon I {unknown}
 x - a scroll of random uselessness {unknown}
Jewellery
 i - a cursed ring of hunger (melded)
Potions
 f - a potion of agility
 l - 2 potions of might
 s - a potion of lignification
 t - 2 potions of resistance
 u - a potion of brilliance {unknown}
 v - a potion of curing {unknown}
 z - a potion of speed {unknown}
 A - a potion of heal wounds
 C - a potion of restore abilities {unknown}
Books
 c - a book of Maledictions

   Spells                             Type                      Level
   *Corona                            Hexes                        1
   Sure Blade                         Hexes/Charms                 2
   Ensorcelled Hibernation            Hexes/Ice                    2
   *Confuse                           Hexes                        3
   Enslavement                        Hexes                        4
   Invisibility                       Hexes                        6


   Skills:
 + Level 3.2 Short Blades
 - Level 0.7 Throwing
 - Level 2.1 Dodging
 * Level 7.0 Stealth
 - Level 1.0 Spellcasting
 * Level 7.1 Hexes


You had 3 spell levels left.
You knew the following spells:

 Your Spells              Type           Power        Failure   Level  Hunger
a - Corona                Hex            ###....      6%          1    ##.....
c - Confuse               Hex            ###.....     14%         3    ####...


Dungeon Overview and Level Annotations

Branches:
Dungeon (4/16)
 Temple: D:4-7

Altars:

Annotations:
D:4 Blork the orc


Innate Abilities, Weirdness & Mutations

You heal slowly.
You can bottle blood from corpses.
((You have razor-sharp teeth.))*
You have supernaturally acute eyesight.
((You can survive without breathing.))*


Message History

You fail to use your ability.
Blork the orc gestures at you while chanting.
The magic dart hits you!
* * * LOW HITPOINT WARNING * * *
Blork the orc hits you but does no damage.
Use which ability? (? or * to list)
You turn into a vampire bat.
Your +2,+2 elven dagger melds into your body.
Your cursed +0 orcish cloak melds into your body.
Your +0 elven cap melds into your body.
Your +0 pair of orcish gloves melds into your body.
Your +1 pair of elven boots melds into your body.
Your +1 robe melds into your body.
Your cursed ring of hunger melds into your body.
Blork the orc hits you with an orcish flail!
* * * LOW HITPOINT WARNING * * *
You found a teleport trap!
Blork the orc gestures at you while chanting.
The puff of frost hits you! You resist.
You die...

#.#..)........#
#.............#
.................#
.........#.###..####
....##...#.# #.....#
...........# #.....#
##...##..[# #....
$..##...# #..#
#######...####b^#
...........oo...#
#######...#####.#
#...# .# #...# .#
#.### .# #. .# #. .#
.. .


You could see Blork the orc and an orc.

Vanquished Creatures
  Sigmund (D:2)
  An orc priest (D:4)
  A worker ant (D:4)
  8 gnolls
  7 adders
  2 giant geckos
  4 orcs
  4 bats
  4 giant cockroaches
  9 goblins
  10 hobgoblins
  7 kobolds
  2 giant newts
  9 rats
69 creatures vanquished.

Notes
Turn   | Place    | Note
--------------------------------------------------------------
     0 | D:1      | PolkaDot, the Vampire Enchanter, began the quest for the Orb.
     0 | D:1      | Reached XP level 1. HP: 13/13 MP: 4/4
   117 | D:1      | Reached XP level 2. HP: 10/19 MP: 5/5
   591 | D:2      | Reached XP level 3. HP: 16/24 MP: 6/6
   594 | D:2      | Reached skill level 5 in Hexes
   603 | D:2      | Learned a level 3 spell: Confuse
   930 | D:2      | Noticed Sigmund
  1112 | D:2      | Reached XP level 4. HP: 30/30 MP: 8/8
  1224 | D:2      | Killed Sigmund
  1224 | D:2      | Reached skill level 5 in Stealth
  1224 | D:2      | Reached skill level 6 in Hexes
  1224 | D:2      | Reached XP level 5. HP: 21/35 MP: 0/9
  2488 | D:4      | Reached XP level 6. HP: 37/41 MP: 10/10
  2620 | D:4      | Reached skill level 7 in Hexes
  2827 | D:4      | Noticed Blork the orc
  2844 | D:4      | Killed from afar by Blork the orc

Action                   |  1- 3 |  4- 6 || total
-------------------------+-------+-------++-------
Melee: Dagger            |   101 |   116 ||   217
Throw: Dart              |       |     1 ||     1
 Cast: Confuse           |       |    15 ||    15
       Corona            |       |     1 ||     1
 Abil: Bat Form          |       |     1 ||     1
  Use: Potion            |     1 |     2 ||     3
       Scroll            |       |     4 ||     4
 Stab: Sleeping          |     6 |     6 ||    12
       Confused          |       |     6 ||     6
